 Dungeon Crawl Stone Soup version 0.29.0-4-gdea44cf6ec (webtiles) character file.

Game seed: 17030586833834924481

44 qw the Vexing (level 3, 0/36 HPs)
             Began as an Ogre Enchanter on Sept 3, 2022.
             Succumbed to an orc's poison
             ... on level 3 of the Dungeon.
             The game lasted 00:01:20 (2454 turns).

qw the Vexing (Ogre Enchanter)                      Turns: 2454, Time: 00:01:20

Health: 0/36       AC:  3    Str: 14    XL:     3   Next: 60%
Magic:  6/6        EV:  9    Int: 16    God:
Gold:   115        SH:  0    Dex:  9    Spells: 6/6 levels left

rFire   . . .      SeeInvis .   c - +0 hand axe
rCold   . . .      Faith    .   (no shield)
rNeg    . . .      Spirit   .   b - +0 robe
rPois   .          Reflect  .   (helmet restricted)
rElec   .          Harm     .   (no cloak)
rCorr   .          Rampage  .   (gloves unavailable)
Will    .....                   (boots unavailable)
Stlth   ++........              (no amulet)
HPRegen 0.12/turn               (no ring)
MPRegen 0.10/turn               (no ring)

@: lethally poisoned (0 -> -2)
A: large, unfitting armour, tough skin 1
a: no special abilities


You were on level 3 of the Dungeon.
You visited 1 branch of the dungeon, and saw 3 of its levels.

You collected 115 gold pieces.


Innate Abilities, Weirdness & Mutations

You are too large for most types of armour.
You have tough skin. (AC +1)


   Skills:
 - Level 2.3 Fighting
 - Level 0.8 Short Blades
 + Level 2.3 Axes
 - Level 1.7 Dodging
 - Level 2.1 Stealth
 - Level 2.4 Spellcasting
 - Level 2.6 Hexes


You had 6 spell levels left.
You didn't know any spells.
Your spell library contained the following spells:

 Spells                   Type           Power      Damage    Failure   Level
 Ensorcelled Hibernation  Hex/Ice        12%        N/A       17%         2
 Confusing Touch          Hex            10%        N/A       21%         3
 Tukima's Dance           Hex            10%        N/A       21%         3
 Dazzling Flash           Conj/Hex       12%        N/A       34%         3

Inventory:

Hand Weapons
 c - a +0 hand axe (weapon)
 Y - a +0 mace
Armour
 b - a +0 robe (worn)
Scrolls
 f - 2 scrolls of identify
Potions
 a - a potion of haste {unknown}
 d - a potion of might {unknown}
 e - a potion of resistance
 h - a potion of mutation {unknown}

Dungeon Overview and Level Annotations

Branches:
Dungeon (3/15)

Altars:


Message History

The orc shouts!
You hit the orc.
The orc is moderately wounded.
The orc hits you with a +2 whip of venom.
You are poisoned.
You closely miss the orc.
The orc is moderately wounded.
You feel very sick. The orc misses you.
You barely miss the orc.
The orc is moderately wounded.
You feel sick.
The orc hits you with a +2 whip of venom.
You are more poisoned.
You barely miss the orc.
The orc is moderately wounded.
You feel very sick.
The orc hits you with a +2 whip of venom.
You are lethally poisoned!
You hit the orc but do no damage.
The orc is moderately wounded.
You feel very sick. The orc closely misses you.
You hit the orc.
You kill the orc!
You feel very sick.
There is a lethal amount of poison in your body!
You feel very sick.
There is a lethal amount of poison in your body!
You feel sick.
There is a lethal amount of poison in your body!
You feel sick.
There is a lethal amount of poison in your body!
You feel sick.
There is a lethal amount of poison in your body!
You feel sick.
There is a lethal amount of poison in your body!
You feel sick.
There is a lethal amount of poison in your body!
You die...

#.# #.#### #.#
#....# #.#
####.# #.# #.#
#.# #.# #.# #@#
........)......
...............
#######..###.##
#..# # ...#
..## #.#


There were no monsters in sight!

Vanquished Creatures
  An adder (D:3)
  2 dart slugs
  An orc (D:3)
  A bat (D:1)
  3 endoplasms
  A giant cockroach (D:3)
  3 goblins
  3 hobgoblins
  2 jackals (D:1)
  2 quokkas
  2 ball pythons
  4 frilled lizards
  4 rats
29 creatures vanquished.

Notes
Turn   | Place    | Note
-------+----------+-------------------------------------------
     0 | D:1      | qw the Ogre Enchanter began the quest for the Orb.
     0 | D:1      | Reached XP level 1. HP: 16/16 MP: 3/3
     0 | D:1      | 0 ||| qw: Version: 0.1-a-102-g441f92d
     0 | D:1      | 0 ||| qw: Game counter: 5235
     0 | D:1      | 0 ||| qw: Always use a shield: true
     0 | D:1      | 0 ||| qw: God list: Okawaru
     0 | D:1      | 0 ||| qw: Allow faded altars: false
     0 | D:1      | 0 ||| qw: Do Orc after D:15 true
     0 | D:1      | 0 ||| qw: Do second Lair branch before Depths: true
     0 | D:1      | 0 ||| qw: Lair rune preference: random
     0 | D:1      | 0 ||| qw: Plans: Normal
     0 | D:1      | 0 ||| PLANNING D:1-11
    89 | D:1      | 89 ||| SWAPPING to +0 mace.
    90 | D:1      | 90 ||| DROPPING +1 dagger.
   227 | D:1      | Reached skill level 1 in Axes
   451 | D:1      | Reached skill level 1 in Fighting
   482 | D:1      | Reached XP level 2. HP: 22/27 MP: 5/5
  1144 | D:1      | 1144 ||| READING scroll labelled DOTUWU TOIROE.
  1145 | D:1      | 1145 ||| READING scroll labelled PAZEWY YFAO.
  1150 | D:1      | 1150 ||| READING scroll labelled MAURPH NOQ ONG.
  1151 | D:1      | 1151 ||| DRINKING 2 orange potions.
  1152 | D:1      | 1152 ||| DROPPING 2 potions of invisibility.
  1416 | D:2      | Found a faded altar of an unknown god.
  1870 | D:2      | Reached XP level 3. HP: 35/35 MP: 6/6
  1900 | D:2      | 1900 ||| READING scroll labelled ERPHOX CUMNYDOI.
  1901 | D:2      | 1901 ||| READING scroll labelled KAOCONL LAFRAQU.
  1902 | D:2      | 1902 ||| Stepping randomly (stuck).
  1903 | D:2      | 1903 ||| Stepping ~*~*~tactically~*~*~ (cloud).
  2058 | D:1      | 2058 ||| Stepping randomly (stuck).
  2093 | D:2      | 2093 ||| Stepping randomly (stuck).
  2265 | D:3      | Identified the +2 scale mail of Totiett {rN+}
  2293 | D:3      | 2293 ||| Stepping ~*~*~tactically~*~*~ (stealth).
  2411 | D:3      | 2411 ||| SWAPPING to +0 hand axe.
  2448 | D:3      | HP: 9/36 [poisoned by an orc]
  2451 | D:3      | HP: 4/36 [poisoned by an orc]
  2453 | D:3      | HP: 1/36 [poisoned by an orc]
  2454 | D:3      | Succumbed to an orc's poison

Levels and vault maps discovered:
D:1:      dpeg_arrival_windows_large_door, layout_basic
D:2:      layout_basic, shapermc_ecumenical_altar_pompeii
D:3:      layout_loops_ring

Skill      XL: |  1  2  3 |
---------------+----------+-----
Axes           | 1 2 |  2.3
Fighting       | 1 2 |  2.3
Short Blades   | |  0.8
Dodging        | |  1.7
Stealth        | |  2.1
Spellcasting   | |  2.4
Hexes          | |  2.6

Action                   || total
-------------------------++-------
Melee: Mace              ||   115
       Dagger            ||     3
       Hand axe          ||     6
       Punch             ||     1
  Use: Scroll            ||     5
       Potion            ||     1
Armor: Robe              ||    38
Dodge: Dodged            ||    59

Table legend:
 A = Non-vault XP
 B = Vault XP
 C = Vault XP percentage of total XP
 D = Non-vault monster count
 E = Vault monster count
 F = Vault count percentage of total count
                 A         B        C        D         E       F
            +---------+---------+-------+---------+---------+-------
      Total |      63 |       0 |   0.0 |      29 |       0 |   0.0
            +---------+---------+-------+---------+---------+-------
        D:1 |      24 |       0 |   0.0 |      14 |       0 |   0.0
        D:2 |      11 |       0 |   0.0 |       7 |       0 |   0.0
        D:3 |      28 |       0 |   0.0 |       8 |       0 |   0.0
            +---------+---------+-------+---------+---------+-------
